 Dungeon Crawl Stone Soup version 0.20-a0-2-g2b0e13a (webtiles) character file.

501 FrankyJ the Magician (level 6, -8/50 HPs)
             Began as a Demigod Fire Elementalist on Oct 27, 2016.
             Mangled by a hippogriff (9 damage)
             ... on level 5 of the Dungeon on Oct 28, 2016.
             The game lasted 00:29:43 (6141 turns).

FrankyJ the Magician (Demigod Fire Elementalist)    Turns: 6141, Time: 00:29:44

Health: -8/50      AC:  3    Str: 13    XL:     6   Next: 63%
Magic:  14/14      EV: 14    Int: 21    God:
Gold:   208        SH:  0    Dex: 16    Spells: 1 memorised, 10 levels left

rFire  . . .     SeeInvis .     d - +1 dagger (vamp)
rCold  . . .     Gourm    .     x - +0 robe (curse)
rNeg   . . .     Faith    .     (no shield)
rPois  .         Spirit   .     (no helmet)
rElec  .         Reflect  .     (no cloak)
rCorr  .         Harm     .     (no gloves)
MR     .....                    m - +0 pair of boots
Stlth  +.........               (no amulet)
                                p - +1 ring of evasion
                                g - ring of flight

@: confused
A: high mp 1
a: Evoke Flight


You were on level 5 of the Dungeon.
You were not hungry.

You visited 1 branch of the dungeon, and saw 5 of its levels.

You collected 208 gold pieces.

Inventory:

Hand Weapons
 d - a +1 vampiric dagger (weapon)
 h - a +0 dagger of venom
Missiles
 f - 7 javelins (quivered)
Armour
 a - a +0 robe
 m - a +0 pair of boots (worn)
 x - a cursed +0 robe (worn)
 D - a cursed +0 animal skin
 E - a +0 helmet
Jewellery
 g - a ring of flight (left hand)
 p - a +1 ring of evasion (right hand)
Wands
 l - a wand of disintegration (14/24)
 F - a wand of flame (40/48)
Scrolls
 e - 3 scrolls of identify
 j - 3 scrolls of remove curse
 n - a scroll of teleportation
 u - 2 scrolls of fear {unknown}
 v - 2 scrolls of enchant armour {unknown}
 y - 2 scrolls of immolation {unknown}
 A - a scroll of enchant weapon {unknown}
Potions
 q - a potion of beneficial mutation {unknown}
 s - a potion of cancellation {unknown}
 t - a potion of brilliance {unknown}
 w - a potion of haste {unknown}
 z - 2 potions of magic {unknown}
 B - a potion of heal wounds {unknown}
Books
 b - a book of Flames

   Spells                             Type                      Level
   a - Flame Tongue                   Conjuration/Fire             1
   b - Throw Flame                    Conjuration/Fire             2
   c - Conjure Flame                  Conjuration/Fire             3
   d - Inner Flame                    Hexes/Fire                   3
   e - Sticky Flame                   Conjuration/Fire             4
   f - Fireball                       Conjuration/Fire             5
Comestibles
 c - 3 bread rations
 k - 2 meat rations


   Skills:
 + Level 2.7 Fighting
 + Level 2.7 Short Blades
 - Level 2.1 Dodging
 - Level 2.0 Stealth
 - Level 0.1 Unarmed Combat
 + Level 3.4 Spellcasting
 + Level 3.1 Conjurations
 - Level 3.0 Fire Magic


You had 10 spell levels left.
You knew the following spells:

 Your Spells              Type           Power        Failure   Level  Hunger
a - Flame Tongue          Conj/Fire      ###..        4%          1    None


Dungeon Overview and Level Annotations

Branches:
Dungeon (5/15)
 Temple: D:4-7


Innate Abilities, Weirdness & Mutations

You have an increased reservoir of magic. (+10% MP)


Message History

* * * LOW HITPOINT WARNING * * *
The hippogriff claws you.
* * * LOW HITPOINT WARNING * * *
You hit the hippogriff.
The hippogriff is severely wounded.
The hippogriff closely misses you.
The hippogriff pecks you but does no damage.
The hippogriff completely misses you.
Okay, then.
You are confused.
You feel invigorated. The hippogriff barely misses you.
The hippogriff pecks you!
* * * LOW HITPOINT WARNING * * *
The hippogriff closely misses you.
You bump into the rock wall.
The hippogriff misses you. The hippogriff completely misses you.
The hippogriff barely misses you.
You bump into the rock wall.
The hippogriff bites you!
* * * LOW HITPOINT WARNING * * *
The hippogriff pecks you!
You die...

####### #.....##
#...)..#
...#########.._...#
#....$H@..........#
############......###
##.#.....# #.#...#.#
#<###.#.####
#.##........
........####
#.##[..#####
##.##....


You could see a hippogriff.

Vanquished Creatures
  An ogre (D:4)
  A bullfrog (D:5)
  A hound (D:4)
  4 worker ants
  An orc wizard (D:4)
  Robin (D:4)
  2 gnolls (D:4)
  6 adders
  An ooze (D:3)
  3 worms
  2 dart slugs
  A leopard gecko (D:1)
  8 orcs
  4 giant cockroaches
  17 goblins
  12 hobgoblins
  5 jackals
  A quokka (D:3)
  2 ball pythons
  10 bats
  4 frilled lizards
  5 kobolds
  A quokka skeleton (D:4)
  5 rats
98 creatures vanquished.

Notes
Turn   | Place    | Note
-------+----------+-------------------------------------------
     0 | D:1      | FrankyJ the Demigod Fire Elementalist began the quest for the Orb.
     0 | D:1      | Reached XP level 1. HP: 14/14 MP: 5/5
   146 | D:1      | Upgraded the game from 0.19-a0-1937-g70ed36a to 0.20-a0
   184 | D:1      | Reached skill level 1 in Conjurations
   700 | D:1      | Reached XP level 2. HP: 20/20 MP: 5/7
  1218 | D:1      | HP: 1/20 [hobgoblin/whip (1)]
  1220 | D:1      | Reached XP level 3. HP: 4/26 MP: 2/8
  1722 | D:2      | Noticed Robin
  2789 | D:3      | Upgraded the game from 0.20-a0 to 0.20-a0-2-g2b0e13a
  2873 | D:3      | Reached XP level 4. HP: 34/34 MP: 8/10
  3067 | D:3      | Reached skill level 1 in Fighting
  3179 | D:3      | Reached skill level 1 in Short Blades
  4077 | D:3      | Reached XP level 5. HP: 40/40 MP: 8/11
  4703 | D:4      | Killed Robin
  5497 | D:4      | Reached XP level 6. HP: 21/48 MP: 7/13
  5962 | D:5      | Entered Level 5 of the Dungeon
  6074 | D:5      | Found a shimmering altar of Xom.
  6127 | D:5      | Noticed a hippogriff
  6139 | D:5      | HP: 1/50 [hippogriff (7)]
  6141 | D:5      | Mangled by a hippogriff

Vault maps used:
D:1:      matt_arrival_spirals, minmay_hexomino_c4
D:2:      uniq_robin
D:4:      first_bread
D:5:      basic_altar, gup_sewer_entry_bubbles, serial_bayou_pond_d,
          uniq_grinder, uniq_duvessa, uniq_crazy_yiuf_cottage

Skill      XL: |  1  2  3  4  5  6 |
---------------+-------------------+-----
Conjurations   | 1 2 3 |  3.1
Stealth        | 2 |  2.0
Dodging        | 2 |  2.1
Fire Magic     | 3 |  3.0
Spellcasting   | 2 3 |  3.4
Fighting       | 1 2 |  2.7
Short Blades   | 1 2 |  2.7
Unarmed Combat | |  0.1

Action                   |  1- 3 |  4- 6 || total
-------------------------+-------+-------++-------
Melee: Unarmed           |    18 |       ||    18
       Dagger            |    52 |    58 ||   110
       Club              |     2 |       ||     2
Throw: Javelin           |    15 |     1 ||    16
 Cast: Flame Tongue      |    68 |   110 ||   178
  Use: Scroll            |     3 |     5 ||     8
       Potion            |       |     1 ||     1
 Stab: Sleeping          |       |     3 ||     3
  Eat: Chunk             |     7 |     5 ||    12
       Bread ration      |     1 |     1 ||     2
Armor: Robe              |    13 |    18 ||    31
Dodge: Dodged            |    78 |    94 ||   172
